AoeStats
← MoTheGoat9511

Nomad

508758288Analyzed
2v2 RM · 8d ago on Sep 23, 2026· 30m 56s· 4 players
Game mode
Random Map
Map size
176×176
Population
200
Speed
Normal
Resources
Standard
Victory
Conquest
Starting age
Dark Age
Ending age
Imperial Age
RankedLock teamsTeams togetherTeam positionsShared explorationLock speedFull tech treeHidden civsTurbo modeCheats
Victory
Defeat
🇺🇸 Huns · United States
923
+20
🇷🇺 Vietnamese · Russia
865
+22
🇵🇪 Bulgarians · Peru
1000
-68
🇵🇪 Britons · Peru
1000
-68
MoTheGoat9511
18:10 Feudal Age
F⇄LUCK
5:38 Loom
15:35 Feudal Age
17:07 Man-at-Arms
17:34 Arson
17:35 Fishing Lines
17:47 Town Watch
18:47 Scale Mail Armor
19:46 Forging
20:56 Wheelbarrow
20:09 Double-Bit Axe
21:09 Horse Collar
27:56 Fletching
32:29 Castle Age
ElFFG27
7:28 Loom
18:33 Feudal Age
19:41 Double-Bit Axe
19:52 Gold Mining
31:44 Castle Age
elba-canazo
18:35 Feudal Age
16:51 Loom
Connection lost

Rejoining the realm…

Still unreachable

The connection could not be restored.

Session expired

The server has moved on; the page needs a fresh start.